Cogmind - Beta 14 *** ADVENTURER MODE // 2024.08.29 @ 13:52:56 // Winter2019/RPGLIKE Player: DeepestRoots Result: Destroyed by S-27 Virus with Autogun Performance ------------- Evolutions (3) 1500 Regions Visited (5) 1000 Robots Destroyed (46) 230 Value Destroyed (1354) 1354 Prototype IDs (2) 40 Alien Tech Used (0) 0 Bonus (68) 68 TOTAL SCORE: 4192 Bonus ------- High Alert Combat Kills 68 Cogmind --------- Core Integrity 0/750 Matter 300/300 Energy 279/280 System Corruption 0% Temperature Cool (0) Movement Core (200) Ox3 Location -7/Factory Parts ------- > --- POWER (1) -------- Cooled Ion Engine > --- PROPULSION (2) --- (None) > --- UTILITY (3) ------ Heat Sink Disposable Heat Sink > --- WEAPON (2) ------- Medium Laser > --- INVENTORY (2) ---- Rocket Launcher Peak State ------------ > --- POWER ------------ Cooled Ion Engine > --- PROPULSION ------- Wheel Compact Wheel > --- UTILITY ---------- Heat Sink Disposable Heat Sink Insulated Plating > --- WEAPON ----------- Medium Laser Medium Laser > --- INVENTORY -------- Rocket Launcher [Rating: 13] Favorites ----------- Power Ion Engine Engine Ion Engine Power Core Light Nuclear Core Propulsion Wheel Wheel Wheel Utility Heat Sink Device Heat Sink Protection Insulated Plating Weapon Medium Laser Energy Gun Medium Laser Build | -11 -10 -9 -8 -8 -7 ------- Run | Yrd Mat Mat Mat Sto Fac Slots Evolved 4 | 3 . . . 1 . Power . | . . . . . . Propulsion 1 | 1 . . . . . Utility 2 | 1 . . . 1 . Weapon 1 | 1 . . . . . Parts Attached 15 | 7 1 4 1 2 . Power 5 | 1 . 2 1 1 . Engine 4 | 1 . 2 . 1 . Core 1 | . . . 1 . . Reactor . | . . . . . . Propulsion 2 | 2 . . . . . Treads . | . . . . . . Leg . | . . . . . . Wheel 2 | 2 . . . . . Hover . | . . . . . . Flight . | . . . . . . Utility 5 | 2 1 1 . 1 . Device 4 | 2 1 1 . . . Storage . | . . . . . . Processor . | . . . . . . Hackware . | . . . . . . Protection 1 | . . . . 1 . Artifact . | . . . . . . Weapon 3 | 2 . 1 . . . Energy Gun 3 | 2 . 1 . . . Energy Cannon . | . . . . . . Ballistic Gun . | . . . . . . Ballistic Cannon . | . . . . . . Launcher . | . . . . . . Special Weapon . | . . . . . . Impact Weapon . | . . . . . . Slashing Weapon . | . . . . . . Piercing Weapon . | . . . . . . Special Melee Weapon . | . . . . . . Unidentified Prototypes 2 | . . 1 . 1 . Parts Lost 4 | . . . . . 4 Power . | . . . . . . Propulsion 2 | . . . . . 2 Utility 1 | . . . . . 1 Weapon 1 | . . . . . 1 Highest Loss Streak 3 | . . . . . 3 To Critical Strikes . | . . . . . . Average Slot Usage (%) 98 | . 100 100 100 100 91 Engine 10 | . 14 14 9 8 12 Core 2 | . . . 4 4 . Wheel 26 | . 28 28 28 26 21 Device 27 | . 28 28 28 26 25 Protection 2 | . . . . 7 7 Energy Gun 27 | . 28 28 28 26 24 Peak Build Rating 13 | 9 9 9 10 13 13 Average Rating 9 | 4 8 7 8 11 11 On Entrance 7 | . 9 7 8 10 13 Naked Turns . | . . . . . . Heaviest Build 17 | 11 11 14 11 17 17 Greatest Support 26 | 26 26 26 26 26 26 Greatest Overweight (x) 4 | . . . . . 4 Average Overweight (x) . | . . . . . . Largest Inventory Capacity 2 | 1 1 1 1 2 2 Average Capacity 1 | . 1 1 1 1 2 Most Carried 2 | 1 1 1 1 2 1 Average Carried . | . . 1 1 1 1 Final Capacity 2 | 1 1 1 1 2 2 Final Carried 2 | 1 1 1 1 2 1 Class Distribution -------------------- 80% | Hacker-Mutant 12% | Wizard-Mutant 7% | Mutant Dominant Class ---------------- Hacker-Mutant | -10/Materials Hacker-Mutant | -9/Materials Hacker-Mutant | -8/Materials Hacker-Mutant | -8/Storage Wizard-Mutant | -7/Factory Resources | -11 -10 -9 -8 -8 -7 ----------- Run | Yrd Mat Mat Mat Sto Fac Matter Collected 350 | 260 20 30 20 20 . Remotely . | . . . . . . Salvage Created 1651 | 128 219 117 851 171 165 Parts 89 | 12 11 12 36 17 1 Haulers Intercepted . | . . . . . . Recyclers Shooed . | . . . . . . Parts Field Recycled . | . . . . . . Retrieved Matter . | . . . . . . Parts Self-Destructed . | . . . . . . Prevented . | . . . . . . Kills | -11 -10 -9 -8 -8 -7 ------- Run | Yrd Mat Mat Mat Sto Fac Combat Hostiles Destroyed 37 | . 6 4 17 7 3 Guns 32 | . 5 4 15 6 2 Classes Destroyed 9 | 2 2 2 3 . . Worker 2 | . . 1 1 . . Builder 1 | . . . 1 . . Tunneler 4 | 4 . . . . . Recycler 1 | 1 . . . . . Watcher 1 | . 1 . . . . Swarmer 10 | . . 3 4 3 . Grunt 16 | . 6 1 8 1 . Sentry 9 | . . . 4 3 2 Hunter 2 | . . . 1 . 1 Best Kill Streak 5 | 5 4 5 5 4 2 Combat Bots Only 4 | . 3 4 4 4 2 Max Kills in Single Turn 2 | 2 1 1 1 1 1 Gunslinging . | . . . . . . Exploded . | . . . . . . Melee . | . . . . . . Uniques/NPCs Destroyed . | . . . . . . Combat | -11 -10 -9 -8 -8 -7 -------- Run | Yrd Mat Mat Mat Sto Fac Hostile Shots Fired 324 | . 26 10 89 73 126 Missed 106 | . 10 3 20 24 49 Damage Taken 2124 | . 133 46 780 553 612 Core 1644 | . 111 34 638 369 492 Absorbed by Shields . | . . . . . . Redirected to Core 1185 | . 68 30 451 280 356 Ignored by Resistances 639 | . 40 15 224 162 198 Core Remaining (%) 78 | 100 100 94 . 20 . Volleys Fired 139 | 9 17 8 68 25 12 Largest 2 | 2 2 2 2 2 2 Hottest 100 | 100 100 100 100 100 100 Shots Fired 278 | 18 34 16 136 50 24 Gun 278 | 18 34 16 136 50 24 Cannon . | . . . . . . Launcher . | . . . . . . Special . | . . . . . . Kinetic . | . . . . . . Thermal 278 | 18 34 16 136 50 24 Explosive . | . . . . . . Electromagnetic . | . . . . . . Robot Hit Streak 28 | 15 20 21 19 14 28 Robot Miss Streak 2 | . 1 2 2 1 . Penetration Max . | . . . . . . Secondary Targets 4 | . 2 . . 1 1 Max Gunslinging Chain 1 | . 1 . . 1 1 Shots Hit Robots 234 | 15 30 10 114 42 23 Core Hits 90 | 6 11 6 45 12 10 Critical Kills . | . . . . . . Critical Parts Destroyed . | . . . . . . Critical Strikes 20 | 1 3 1 8 6 1 Burn 20 | 1 3 1 8 6 1 Melee Attacks . | . . . . . . Impact . | . . . . . . Slashing . | . . . . . . Piercing . | . . . . . . Sneak Attacks . | . . . . . . Combat Hostiles . | . . . . . . Follow-up Attacks . | . . . . . . Damage Inflicted 2987 | 201 393 130 1451 526 286 Guns 2977 | 201 393 130 1441 526 286 Cannons . | . . . . . . Explosions . | . . . . . . Melee . | . . . . . . Ramming 10 | . . . 10 . . Kinetic . | . . . . . . Thermal 2977 | 201 393 130 1441 526 286 Explosive . | . . . . . . Electromagnetic . | . . . . . . Impact . | . . . . . . Slashing . | . . . . . . Piercing . | . . . . . . Highest Corruption 1 | . . . . 1 . Average Corruption 1 | . . . . 1 . Corruption Purged . | . . . . . . Corruption Blocked . | . . . . . . Effects 2 | . . . . 2 . Energy Discharges 1 | . . . . 1 . Parts Fused 1 | . . . . 1 . Overload Shots . | . . . . . . Overflow Damage . | . . . . . . Projectiles . | . . . . . . Explosions . | . . . . . . Melee . | . . . . . . Knockbacks . | . . . . . . Impact . | . . . . . . Kinetic . | . . . . . . Secondary . | . . . . . . Self-Inflicted Damage 4 | . . . 4 . . Shots . | . . . . . . Rammed 2 | . . . 2 . . Targets Rammed 2 | . . . 2 . . Kicked . | . . . . . . Crushed . | . . . . . . Highest Temperature 400 | 234 400 195 197 199 84 Average Temperature 86 | 101 207 34 62 72 36 Received Heat Transfer 960 | . 96 6 477 261 120 Effects 3 | . 3 . . . . Shutdowns 2 | . 2 . . . . Damage (minor) 1 | . 1 . . . . Siege Activations . | . . . . . . Robots Corrupted . | . . . . . . Combat Hostiles . | . . . . . . Parts Fried . | . . . . . . Impact Corruptions . | . . . . . . Robots Melted 5 | . 1 . 2 1 1 Combat Hostiles 5 | . 1 . 2 1 1 Parts Melted 31 | 2 3 . 17 2 7 Heat Transferred 10249 | 666 1369 444 4847 1998 925 Parts Sabotaged . | . . . . . . Parts Stolen . | . . . . . . Parts Stripped . | . . . . . . Power Chain Reactions . | . . . . . . Alert | -11 -10 -9 -8 -8 -7 ------- Run | Yrd Mat Mat Mat Sto Fac Peak Influence 512 | 25 195 205 512 486 279 Initial 189 | . 13 70 79 184 189 Average 231 | 10 68 129 308 333 210 Maximum Alert Level 2 | . . 1 2 2 1 Low Security (%) 41 | 100 100 60 13 11 63 Level 1 43 | . . 39 51 75 36 Level 2 15 | . . . 34 13 . Level 3 . | . . . . . . Level 4 . | . . . . . . Level 5 . | . . . . . . High Security . | . . . . . . Max Security . | . . . . . . Squads Dispatched 8 | . 2 1 3 1 1 Investigation 3 | . 2 1 . . . Extermination . | . . . . . . Reinforcement 3 | . . . 2 1 . Assault . | . . . . . . Garrison 2 | . . . 1 . 1 Intercept . | . . . . . . Searches Triggered . | . . . . . . Construction Impeded . | . . . . . . Haulers Reinforced . | . . . . . . Active Scanning Responses . | . . . . . . Cargo Convoy Interrupts . | . . . . . . Stealth | -11 -10 -9 -8 -8 -7 --------- Run | Yrd Mat Mat Mat Sto Fac Distress Signals 2 | . . . 1 1 . Communications Jammed . | . . . . . . Distress Signals . | . . . . . . Times Spotted 64 | . 8 11 26 10 9 Peak Tracking Total 8 | . 3 3 8 6 5 Tactical Retreats 5 | . . 1 3 1 . Traps | -11 -10 -9 -8 -8 -7 ------- Run | Yrd Mat Mat Mat Sto Fac Traps Triggered 1 | . . . . 1 . Indirectly . | . . . . . . Trap Hack Attempts . | . . . . . . Triggered . | . . . . . . Disarmed . | . . . . . . Reprogrammed 19 | . 12 . . 7 . Reused 7 | . 2 . . 5 . Traps Extracted . | . . . . . . Installed . | . . . . . . Triggered 7 | . 2 . . 5 . Machines | -11 -10 -9 -8 -8 -7 ---------- Run | Yrd Mat Mat Mat Sto Fac Machines Disabled . | . . . . . . Max in Single Turn . | . . . . . . Garrison Access 1 | . . . 1 . . Machines Repaired . | . . . . . . Machines Dismantled . | . . . . . . Machines Sabotaged . | . . . . . . Overloaded Fab Kills . | . . . . . . Hacking | -11 -10 -9 -8 -8 -7 --------- Run | Yrd Mat Mat Mat Sto Fac Machines Accessed 16 | . 3 3 3 6 1 Terminals 15 | . 3 3 2 6 1 Fabricators . | . . . . . . Repair Stations . | . . . . . . Recycling Units . | . . . . . . Scanalyzers . | . . . . . . Garrison Access 1 | . . . 1 . . Total Hacks 42 | . 10 9 6 13 4 Successful 25 | . 7 2 3 9 4 Failed 17 | . 3 7 3 4 . Catastrophic 4 | . . 4 . . . Database Lockouts . | . . . . . . Manual 22 | . 2 9 2 6 3 Terminals 40 | . 10 9 4 13 4 Fabricators . | . . . . . . Repair Stations . | . . . . . . Recycling Units . | . . . . . . Scanalyzers . | . . . . . . Garrison Access 2 | . . . 2 . . Terminal Hacks 24 | . 7 2 2 9 4 Robot Analysis 2 | . 1 . . . 1 Open Door 4 | . . . . 4 . Level Access Points 3 | . . 1 . 1 1 Machine Index 5 | . 1 1 1 1 1 Terminal Index 1 | . . . 1 . . Garrison Index 1 | . . . . . 1 Locate Traps 2 | . 1 . . 1 . Reprogram Traps 5 | . 3 . . 2 . Hauler Manifests 1 | . 1 . . . . Fabricator Hacks . | . . . . . . Repair Station Hacks . | . . . . . . Recycling Unit Hacks . | . . . . . . Scanalyzer . | . . . . . . Garrison Access Hacks 1 | . . . 1 . . Seal Access 1 | . . . 1 . . Unauthorized Hacks . | . . . . . . Terminals . | . . . . . . Fabricators . | . . . . . . Repair Stations . | . . . . . . Recycling Units . | . . . . . . Scanalyzers . | . . . . . . Garrison Access . | . . . . . . Data Cores Recovered . | . . . . . . Used . | . . . . . . Hacking Detections 8 | . 2 2 . 3 1 Full Trace Events 3 | . 1 2 . . . Feedback Events . | . . . . . . Feedback Blocked . | . . . . . . Robot Schematics Acquired . | . . . . . . Robots Built . | . . . . . . Authchips . | . . . . . . Time . | . . . . . . Total Robot Build Rating . | . . . . . . Part Schematics Acquired . | . . . . . . Parts Built . | . . . . . . Authchips . | . . . . . . Time . | . . . . . . Total Part Build Rating . | . . . . . . Parts Repaired . | . . . . . . Time . | . . . . . . Parts Recycled . | . . . . . . Recycled Matter . | . . . . . . Retrieved Matter . | . . . . . . Retrieved Components . | . . . . . . Parts Scanalyzed . | . . . . . . Part Schematics Acquired . | . . . . . . Parts Damaged . | . . . . . . Bothacking | -11 -10 -9 -8 -8 -7 ------------ Run | Yrd Mat Mat Mat Sto Fac Used RIF Installer . | . . . . . . Robots Hacked . | . . . . . . Non-combat . | . . . . . . Combat . | . . . . . . Robot Hacks Applied . | . . . . . . Relay Couplers Released . | . . . . . . Fabnet Peak Effective % . | . . . . . . Robots Rewired . | . . . . . . Allies Hacked . | . . . . . . Hacks Repelled . | . . . . . . Allies | -11 -10 -9 -8 -8 -7 -------- Run | Yrd Mat Mat Mat Sto Fac Total Allies . | . . . . . . Largest Group . | . . . . . . Highest-Rated Group . | . . . . . . Highest-Rated Ally . | . . . . . . Total Orders . | . . . . . . Ally Attacks . | . . . . . . Total Damage . | . . . . . . Kills . | . . . . . . Allies Corrupted . | . . . . . . Allies Melted . | . . . . . . Intel | -11 -10 -9 -8 -8 -7 ------- Run | Yrd Mat Mat Mat Sto Fac Robot Analysis Total 2 | . 1 . . . 1 Derelict Logs Recovered . | . . . . . . Drone Launches . | . . . . . . Drone Recoveries . | . . . . . . Exploration | -11 -10 -9 -8 -8 -7 ------------- Run | Yrd Mat Mat Mat Sto Fac Turns Passed 1564 | 97 187 206 598 290 186 Spaces Moved 1029 | 59 136 189 353 163 129 Core 15 | 7 . . . . 8 Treads . | . . . . . . Legs . | . . . . . . Wheels 1014 | 52 136 189 353 163 121 Hover . | . . . . . . Flight . | . . . . . . Fastest Speed 50 | 50 90 90 90 90 90 Average Speed 90 | 86 90 90 90 90 98 Slowest Speed 250 | 100 90 90 90 90 250 Overloaded Moves . | . . . . . . Propulsion Burnouts . | . . . . . . Robots Hopped . | . . . . . . Cave-ins Triggered . | . . . . . . Exploration Rate (%) 21 | 3 29 21 28 41 8 Regions Visited 5 Branch Regions 1 Pre-discovered Areas . | . . . . . . Known Exits Taken 2 | . . 1 . 1 . Unknown Exits Taken 3 | 1 1 . 1 . . Scrap Searched . | . . . . . . Spaces Dug . | . . . . . . Terrain Destroyed . | . . . . . . Melee . | . . . . . . Projectile . | . . . . . . AOE . | . . . . . . Terrain Rammed . | . . . . . . Walls Destroyed . | . . . . . . Machines Disabled . | . . . . . . Actions | -11 -10 -9 -8 -8 -7 --------- Run | Yrd Mat Mat Mat Sto Fac Total 1376 | 83 166 209 498 255 165 Wait 139 | 8 4 5 57 56 9 Move 1024 | 58 135 188 352 162 129 Hop . | . . . . . . Pick Up 4 | 1 1 . 1 1 . Fast Attach 12 | 7 1 3 . 1 . Attach . | . . . . . . Detach . | . . . . . . Swap 3 | . . 1 1 1 . Drop 8 | . 2 4 1 . 1 Fire 139 | 9 17 8 68 25 12 Melee . | . . . . . . Ram 2 | . . . 2 . . Kick . | . . . . . . Crush . | . . . . . . Escape Stasis . | . . . . . . Rewire . | . . . . . . Trap . | . . . . . . Miscellaneous 45 | . 6 . 16 9 14 Route ------- -11/Scrapyard -10/Materials -9/Materials (discovered 4 exits: *Mat x3 / [*Min]) -8/Materials -8/Storage -7/Factory (discovered 4 exits: *Fac x4) History --------- Turn | Location | Event 6 | -11/Scrapyard | Discovered new exit (range 16) 13 | -11/Scrapyard | Upgraded with Propulsion slot (x1) 13 | -11/Scrapyard | Upgraded with Utility slot (x1) 13 | -11/Scrapyard | Upgraded with Weapon slot (x1) 98 | -11/Scrapyard | Entered Materials 227 | -10/Materials | Discovered new exit (range 12) 285 | -10/Materials | Entered another Materials area 287 | -9/Materials | Reached level 2 287 | -9/Materials | Reached level 3 381 | -9/Materials | Identified exit to Materials 404 | -9/Materials | Reached level 4 423 | -9/Materials | Build established: Hacker-Mutant 424 | -9/Materials | Discovered new exit (range 7) 491 | -9/Materials | Entered another Materials area 493 | -8/Materials | Reached level 5 493 | -8/Materials | Reached level 6 553 | -8/Materials | Garrison activated, responded to threat 755 | -8/Materials | Reached level 7 948 | -8/Materials | Core integrity fell below 50% 1061 | -8/Materials | Discovered new exit (range 16) 1070 | -8/Materials | Reached level 8 1089 | -8/Materials | Entered Storage 1158 | -8/Storage | Reached level 9 1190 | -8/Storage | Upgraded with Utility slot (x1) 1194 | -8/Storage | Identified exit to Factory 1213 | -8/Storage | Core integrity fell below 20% 1379 | -8/Storage | Entered Factory 1380 | -7/Factory | Core integrity fell below 50% 1381 | -7/Factory | Reached level 10 1425 | -7/Factory | Identified exit to Factory 1515 | -7/Factory | Garrison activated, responded to threat 1518 | -7/Factory | Reached level 11 1558 | -7/Factory | Core integrity fell below 20% 1565 | -7/Factory | Destroyed by S-27 Virus with Autogun Last Messages --------------- 01518_ Reached level 11. 01518_ Lgt. Treads melted. 01518_ Y-54 Guardian destroyed. 01524_ R-06 Scavenger collects Imp. Light Armor Plating. 01531_ Com. Wheel destroyed. 01533_ Y-54 Guardian suffers critical hit (Burn). 01536_ Y-54 Guardian heat damages Imp. Light Armor Plating. 01540_ Y-54 Guardian heat damages core (-17). 01540_ Flak Gun melted. 01540_ Lgt. Treads melted. 01540_ Imp. Heat Sink melted. 01540_ Imp. Deuterium Engine melted. 01543_ Used Protomatter to restore core integrity (+168, depleted) 01545_ Slug penetrates Wall. 01548_ Penetrated by Slug. 01548_ Wheel destroyed. 01552_ Penetrated by Slug. 01555_ Slug penetrates Wall. 01559_ Med. Laser destroyed. 01564_ U-05 Engineer destroyed. Map ----- +----------------------------------------------------+ | ?????????????????????????????????????????????????? | | ???????????????????????????????????????????????##+ | | ????????????????????????????????????###+#####?# | | ????????????????????????????????????# | | ????????????????????????????????????+ | | ????????????????????????????????????# | | ????????????????????????????????????? """" | | ????????????????????????????????????? "F " | | ??????????????????????????????????????? | | ????????????????????????????????????????# """ "" | | ????????????????????????????????????????# ] """ "" | | ????????????????????####+####???????????# """ "" | | ???????????########## ] #???????????# | | ??????????? #???????????# | | ??????????? ! #???????????# # | | ??????????? ############# ######+ | | ?????????? %%% #??? | | ???????????? ! ################??# | | ????????????????##### #?????????????????#!! | | ????????????????????### ###?????????????????#!! | | ??????????????????????# #???????????????????#! | | ??????????????????????# s#???????????????????# | | ??????????????????????# #???????????????????#### | | ??????????????????????# s #??????????????????????? | | ??????????????????????# #??????????????????????? | | ??????????????????????#s @#??????????????????????? | | ??????????????????????#|%!#??????????????????????? | | ??????????????????????# #??????????????????????? | | ??????????????????????# #??????????????????????? | | ??????????????????????# r #??????????????????????? | | ??????????????????????# #??????????????????????? | | ??????????????????????# +??????????????????????? | | ??????????????????????# #??????????????????????? | | ??????????????????????#a #??????????????????????? | | ?????????????????????? Y ???????????????????????? | | ?????????????????????? ???????????????????????? | | ?????????????????????? < ???????????????????????? | | ?????????????????????# km ???????????????????????? | | ?????????????????????# ???????????????????????? | | ?????????????????????### #???????????????????????? | | ???????????????????????? ????????????????????????? | | ?????????????????????????????????????????????????? | | ?????????????????????????????????????????????????? | | ?????????????????????????????????????????????????? | | ?????????????????????????????????????????????????? | | ?????????????????????????????????????????????????? | | ?????????????????????????????????????????????????? | | ?????????????????????????????????????????????????? | | ?????????????????????????????????????????????????? | | ?????????????????????????????????????????????????? | +----------------------------------------------------+ Best States ------------- Heat Dissipation 35 Coolant Potential 50 Energy Generation 14 Energy Capacity 280 Matter Stores 300 Matter Capacity 300 Sight Range 16 Terrain Scan Range 16 Terrain Scan Density 10 Armor Coverage 150 Resistance: KI 20 Resistance: TH 20 Resistance: EX 20 Resistance: EM 35 Resistance: I 20 Resistance: S 20 Resistance: P 20 Evasion (%) 42 Offensive Hacking 65 Defensive Hacking 10 Item Schematics ----------------- None Robot Schematics ------------------ None Fabricated ------------ Nothing Alien Tech Used ----------------- None Achievements -------------- None Challenges ------------ None RPGLIKE | -11 -10 -9 -8 -8 -7 --------- Run | Yrd Mat Mat Mat Sto Fac Levels Raised 10 | . . 3 4 1 2 XP Earned 19160 | 4000 835 3954 5767 2205 2399 XP Spent 17055 | 1750 2200 4100 . 6805 2200 Upgrades 22 | 4 5 4 . 8 1 Propulsion Slot 1 | 1 . . . . . Utility Slot 2 | 1 . . . 1 . Weapon Slot 1 | 1 . . . . . Core Integrity 3 | . . . . 3 . Inventory Capacity 2 | 1 . . . 1 . Hack Attack % 11 | . 4 3 . 3 1 Hack Defense % 2 | . 1 1 . . . Protomatter Created 437 | . 75 18 167 121 56 Integrity Restored 970 | . 114 . 325 198 333 Core 891 | . 111 . 249 198 333 Parts 79 | . 3 . 76 . . Protomatter Decayed 97 | . 75 18 4 . . Game ------ Seed HeatWaveTendrils Manual? 0 Play Time 00:21:19 Cumulative 569.3 hours Start 2024.08.29 @ 11:52:51 End 2024.08.29 @ 13:52:56 Sessions 2 Manual Loads 0 Difficulty Adventurer Special Mode Winter2019/RPGLIKE Game No. 44 Rogue 9 Adventurer 21 Explorer 14 Win Type - Total 32 Types 18/2/8/1/1/2/0/0/0 Lore% 75 Gallery% 87 Achievement% 77 Wizard Run 0 Options --------- Layout 0 ASCII 0 Keyboard 1 Movement Mouse Keybinds 0 Fullscreen 2 Font 36/Terminus++ Map View 76x50 Zoom Use 0% Tactical HUD 1 Map Filters NONE Filters NONE Steam 0 RUN: b5ec8cd5-0a12-47ec-b39f-f3a0bb1f9ce6